 Dungeon Crawl Stone Soup version 0.25-a0-167-g836c352ace (webtiles) character file.

Game seed: 2580293052227506643, levelgen mode: deterministic

93 Leeroy the Sneak (level 4, -6/33 HPs)
             Began as a Draconian Conjurer on Nov 25, 2019.
             Mangled by a worm (8 damage)
             ... on level 2 of the Dungeon.
             The game lasted 00:03:32 (1409 turns).

Leeroy the Sneak (Draconian Conjurer)               Turns: 1409, Time: 00:03:32

Health: -6/33      AC:  5    Str: 12    XL:     4   Next: 36%
Magic:  7/7        EV: 12    Int: 15    God:
Gold:   60         SH:  0    Dex: 11    Spells: 4/7 levels left

rFire    . . .     SeeInvis .   e - +0 short sword
rCold    . . .     Gourm    .   (no shield)
rNeg     . . .     Faith    .   (armour unavailable)
rPois    .         Spirit   .   (helmet restricted)
rElec    .         Reflect  .   (no cloak)
rCorr    .         Harm     .   (no gloves)
MR       .....                  (no boots)
Stlth    +++.......             (no amulet)
HPRegen  0.11/turn              (no ring)
MPRegen  0.10/turn              (no ring)

@: no status effects
A: unfitting armour, cold-blooded, AC +5
a: no special abilities


You were on level 2 of the Dungeon.
You were not hungry.

You visited 1 branch of the dungeon, and saw 2 of its levels.

You collected 60 gold pieces.

Inventory:

Hand Weapons
 a - a +0 spear
 e - a +0 short sword (weapon)
Jewellery
 d - an uncursed ring of see invisible {unknown}
Scrolls
 c - a scroll of enchant armour {unknown}
 h - a scroll of identify {unknown}
 i - a scroll of fear {unknown}
 j - a scroll of remove curse {unknown}
 m - a scroll of amnesia {unknown}
Potions
 f - 2 potions of agility {unknown}
 g - a potion of berserk rage {unknown}
 l - a potion of flight {unknown}
Comestibles
 b - 4 rations
 k - 2 chunks of flesh


   Skills:
 - Level 0.3 Short Blades
 - Level 1.7 Dodging
 + Level 4.5 Stealth
 - Level 2.0 Spellcasting
 - Level 4.0 Conjurations


You had 4 spell levels left.
You knew the following spells:

 Your Spells              Type           Power        Failure   Level  Hunger
a - Magic Dart            Conj           ##..         4%          1    #......
b - Searing Ray           Conj           ##....       6%          2    ###....

Your spell library contained the following spells:

 Spells                   Type           Power        Failure   Level  Hunger
 Dazzling Spray           Conj/Hex       #.....       28%         3    ###....
 Iskenderun's Mystic Bla  Conj           ##......     38%         4    #####..
 Force Lance              Conj/Tloc      #.......     67%         4    #####..
 Fulminant Prism          Conj/Hex       #.........   67%         4    #####..


Dungeon Overview and Level Annotations

Branches:
Dungeon (2/15)

Altars:


Innate Abilities, Weirdness & Mutations

Your plain brown scales are hard. (AC +5)
You cannot fit into any form of body armour.
You are cold-blooded and may be slowed by cold attacks.


Message History

The worm is moderately wounded.
The worm barely misses you.
You hit the worm.
The worm is heavily wounded.
You hit the worm.
The worm is severely wounded.
The worm barely misses you.
You hit the worm but do no damage.
The worm is severely wounded.
The worm bites you.
* * * LOW HITPOINT WARNING * * *
You hit the worm.
The worm is severely wounded.
You hit the worm.
The worm is almost dead.
The worm closely misses you.
You completely miss the worm.
The worm is almost dead.
The worm bites you!
You die...

#.#..............
##.#...............
##.#................ #
##.#.................
##.#.#.......#.##...##.#
....#.......#.# ##.##.#.
...#........######+#####
.........................
#....###@.####...##..###.
#...$ #w.##..^.... ...
#....###..##.....# ###.
#.........##.....# ...
#................#######.
.................[.....
...........†.........#.
..<..##......##......#.
.###. ##....###......#.


You could see a worm.

Vanquished Creatures
  4 adders (D:2)
  3 dart slugs (D:1)
  A leopard gecko (D:2)
  6 bats
  2 giant cockroaches
  6 goblins
  8 hobgoblins
  4 jackals (D:1)
  3 kobolds (D:1)
  6 frilled lizards
  4 rats (D:1)
47 creatures vanquished.

Notes
Turn   | Place    | Note
-------+----------+-------------------------------------------
     0 | D:1      | Leeroy the Draconian Conjurer began the quest for the Orb.
     0 | D:1      | Reached XP level 1. HP: 14/14 MP: 3/3
   236 | D:1      | Reached XP level 2. HP: 4/20 MP: 1/5
   282 | D:1      | Learned a level 2 spell: Searing Ray
   700 | D:1      | Reached XP level 3. HP: 14/26 MP: 6/6
  1271 | D:2      | Reached XP level 4. HP: 16/33 MP: 3/7
  1409 | D:2      | Mangled by a worm

Levels and vault maps discovered:
D:1:      dpeg_arrival_triangle_fractal, layout_basic, serial_rivers,
          chequers_serial_rivers_micro_a, chequers_serial_rivers_micro_a,
          chequers_serial_rivers_micro_a, chequers_serial_rivers_room_b,
          chequers_serial_rivers_micro_a
D:2:      wad_pebble_path, layout_basic, st_stairs_13, minivault_19,
          minmay_pentomino_z2

Skill      XL: |  1  2  3 |
---------------+----------+-----
Stealth        | 2 3 4 |  4.5
Short Blades   | |  0.3
Dodging        | |  1.7
Spellcasting   | |  2.0
Conjurations   | |  4.0

Action                   |  1- 3 |  4- 6 || total
-------------------------+-------+-------++-------
Melee: Spear             |    11 |       ||    11
       Short sword       |   130 |    34 ||   164
       Tailslap          |    13 |     1 ||    14
 Cast: Magic Dart        |     2 |       ||     2
       Searing Ray       |     1 |       ||     1
 Stab: Sleeping          |     6 |     1 ||     7
  Eat: Chunk             |     1 |     1 ||     2
Armor: Skin              |    38 |    17 ||    55
Dodge: Dodged            |    88 |    21 ||   109

Table legend:
 A = Non-vault XP
 B = Vault XP
 C = Vault XP percentage of total XP
 D = Non-vault monster count
 E = Vault monster count
 F = Vault count percentage of total count
                 A         B        C        D         E       F
            +---------+---------+-------+---------+---------+-------
      Total |     131 |       2 |   1.5 |      46 |       1 |   2.1
            +---------+---------+-------+---------+---------+-------
        D:1 |      57 |       0 |   0.0 |      30 |       0 |   0.0
        D:2 |      74 |       2 |   2.6 |      16 |       1 |   5.9
            +---------+---------+-------+---------+---------+-------
